 Dungeon Crawl Stone Soup version 0.27-a0-780-geb8d7bc690 (webtiles) character file.

Game seed: 13748906079926007334

24 Aggronaut the Skirmisher (level 2, -3/27 HPs)
             Began as a Draconian Monk on Mar 26, 2021.
             Slain by an adder (4 damage)
             ... on level 2 of the Dungeon.
             The game lasted 00:02:02 (1402 turns).

Aggronaut the Skirmisher (Draconian Monk)           Turns: 1402, Time: 00:02:03

Health: -3/27      AC:  4    Str: 13    XL:     2   Next: 79%
Magic:  2/2        EV: 12    Int: 10    God:
Gold:   47         SH:  0    Dex: 13    Spells: 1/1 levels left

rFire    . . .     SeeInvis .   a - +0 mace
rCold    . . .     Faith    .   (no shield)
rNeg     . . .     Spirit   .   (armour unavailable)
rPois    .         Reflect  .   (helmet restricted)
rElec    .         Harm     .   (no cloak)
rCorr    .         Rampage  .   (no gloves)
Will     .....                  (no boots)
Stlth    ++........             (no amulet)
HPRegen  0.09/turn              (no ring)
MPRegen  0.08/turn              (no ring)

@: no status effects
A: AC +4, unfitting armour, cold-blooded
a: no special abilities


You were on level 2 of the Dungeon.
You visited 1 branch of the dungeon, and saw 2 of its levels.

You collected 47 gold pieces.

Inventory:

Hand Weapons
 a - a +0 mace (weapon)
Wands
 h - a wand of paralysis (7)
Scrolls
 b - a scroll of magic mapping {unknown}
 c - 2 scrolls of identify {unknown}
Potions
 d - a potion of berserk rage {unknown}
 e - 2 potions of attraction {unknown}
 f - a potion of flight {unknown}
 g - 2 potions of heal wounds {unknown}


   Skills:
 + Level 3.8 Fighting
 + Level 3.5 Maces & Flails
 - Level 2.8 Dodging
 - Level 1.8 Stealth


You had one spell level left.
You didn't know any spells.
Your spell library was empty.

Dungeon Overview and Level Annotations

Branches:
Dungeon (2/15)

Altars:


Innate Abilities, Weirdness & Mutations

Your plain brown scales are hard. (AC +4)
You cannot fit into any form of body armour.
You are cold-blooded and may be slowed by cold attacks.


Message History

The jackal is heavily wounded.
The jackal closely misses you.
You hit the jackal but do no damage.
The jackal is heavily wounded.
The jackal closely misses you.
The jackal bites you but does no damage.
You sock the jackal!
You kill the jackal!
The adder bites you.
You closely miss the adder. The adder bites you.
You are poisoned.
The adder poisons you!
You sock the adder!
Your tail-slap misses the adder.
The adder is severely wounded.
You feel very sick. The adder bites you.
* * * LOW HITPOINT WARNING * * *
The adder barely misses you.
You miss the adder. You tail-slap the adder.
The adder is almost dead.
You feel sick. The adder bites you but does no damage.
You closely miss the adder.
The adder is almost dead.
You feel sick. The adder bites you.
* * * LOW HITPOINT WARNING * * *
The adder bites you but does no damage.
You closely miss the adder.
The adder is almost dead.
* * * LOW HITPOINT WARNING * * *
You feel sick.
You are no longer poisoned.
The adder barely misses you. x2
You barely miss the adder.
The adder is almost dead.
The adder barely misses you.
You hit the adder but do no damage.
Your tail-slap misses the adder.
The adder is almost dead.
The adder closely misses you. x2
The adder bites you.
You die...

##.#.. #.# #≈≈≈≈≈# ......####
#.# #≈≈≈≈≈#
#.........######.# #≈≈≈≈##
##................#####≈≈≈≈#.
#..)....#########......≈≈≈≈≈.
........# #>#####≈≈≈≈≈.
#.......###### #.# ##≈≈≈≈#
##.......h.S.# #.# #≈≈≈≈#
##....#####@# #.# #≈≈≈≈#
##.#. #.# #.######≈≈≈≈# ...#.
#.# #......≈≈≈≈≈. ##. #. #.#
#######≈≈≈≈≈# # #. #.#
##≈≈≈≈## #. #.# #≈≈≈≈≈# #.#
##≈≈≈≈≈# ##.## #≈≈≈≈≈## #...#
##≈≈≈≈≈#


You could see an adder and a jackal.

Vanquished Creatures
  A dart slug (D:1)
  2 endoplasms (D:1)
  2 giant cockroaches (D:1)
  2 goblins (D:1)
  A hobgoblin (D:1)
  A jackal (D:2)
  2 quokkas (D:1)
  4 ball pythons
  A bat (D:1)
  A frilled lizard (D:1)
  A kobold (D:1)
  4 rats (D:1)
22 creatures vanquished.

Vanquished Creatures (others)
  2 plants (D:1)
2 creatures vanquished.

Grand Total: 24 creatures vanquished

Notes
Turn   | Place    | Note
-------+----------+-------------------------------------------
     0 | D:1      | Aggronaut the Draconian Monk began the quest for the Orb.
     0 | D:1      | Reached XP level 1. HP: 19/19 MP: 1/1
   130 | D:1      | Reached XP level 2. HP: 26/26 MP: 2/2
  1397 | D:2      | HP: 1/27 [adder (4)]
  1402 | D:2      | Slain by an adder

Illustrated notes

Levels and vault maps discovered:
D:1:      minmay_arrival_hallway, layout_loops_ring, serial_bayou,
          serial_bayou_pond_a, serial_bayou_pond_a, serial_bayou_crossing,
          serial_bayou_pond_a
D:2:      wander_river, layout_loops_ring, lemuel_crystal_altar

Action                   || total
-------------------------++-------
Melee: Mace              ||    81
       Tailslap          ||     7
 Stab: Sleeping          ||     2
Armor: Skin              ||    22
Dodge: Dodged            ||    53

Table legend: (Time is in decaauts)
 A = Elapsed time spent in this place.
 B = Non-inter-level travel time spent in this place.
 C = Inter-level travel time spent in this place.
 D = Time resting spent in this place.
 E = Time spent auto-exploring this place.
 F = Levels seen in this place.
 G = Mean time per level.
                   A        B        C        D        E       F      G
               +--------+--------+--------+--------+--------+-----+--------+
         Total |   1450 |   1433 |     17 |    216 |    995 |   2 |  725.0 |
       Dungeon |   1450 |   1433 |     17 |    216 |    995 |   2 |  725.0 |
               +--------+--------+--------+--------+--------+-----+--------+

Top non-repeatable levels by time:
     D:1: 1203 daAuts
     D:2: 246 daAuts
